 Dungeon Crawl Stone Soup version 0.22-a0-355-g201945fe43 (webtiles) character file.

100 KleinerIrrer the Skirmisher (level 4, -4/43 HPs)
             Began as a Naga Gladiator on Apr 18, 2018.
             Slain by a gnoll
             ... wielding a +0 halberd
              (12 damage)
             ... on level 3 of the Dungeon.
             The game lasted 00:03:58 (2220 turns).

KleinerIrrer the Skirmisher (Naga Gladiator)        Turns: 2220, Time: 00:03:59

Health: -4/43      AC:  5    Str: 19    XL:     4   Next: 74%
Magic:  4/4        EV: 10    Int: 10    God:
Gold:   76         SH:  0    Dex: 12    Spells: 3/3 levels left

rFire    . . .     SeeInvis +   a - +0 trident
rCold    . . .     Gourm    .   (no shield)
rNeg     . . .     Faith    .   s - +0 ring mail
rPois    +         Spirit   .   c - +0 helmet
rElec    .         Reflect  .   k - +0 cloak
rCorr    .         Harm     .   (no gloves)
MR       .....                  (no barding)
Stlth    +.........             (no amulet)
HPRegen  0.14/turn              o - +3 ring of strength
MPRegen  0.09/turn              (no ring)

@: very slow
A: large, see invisible, deformed body, poison resistance, slowness 2, slow
metabolism 1, spit poison 1, AC +1
a: Spit Poison


You were on level 3 of the Dungeon.
You were not hungry.

You visited 1 branch of the dungeon, and saw 3 of its levels.

You collected 76 gold pieces.

Inventory:

Hand Weapons
 a - a +0 trident (weapon)
 j - a cursed -2 dagger
 p - a +3 hand axe of flaming
Missiles
 d - 3 throwing nets (quivered)
Armour
 c - a +0 helmet (worn)
 k - a +0 cloak (worn)
 s - a +0 ring mail (worn)
Jewellery
 o - a +3 ring of strength (left hand)
Scrolls
 h - a scroll of enchant armour {unknown}
 i - a scroll of fear {unknown}
 m - a scroll of teleportation {unknown}
 q - 3 scrolls of identify {unknown}
 r - a scroll of enchant weapon {unknown}
 t - a scroll of remove curse {unknown}
 v - a scroll of noise {unknown}
Potions
 e - a potion of agility {unknown}
 g - 3 potions of flight {unknown}
 l - a potion of magic {unknown}
 n - 2 potions of curing {unknown}
 u - a potion of resistance {unknown}
Comestibles
 f - 3 rations


   Skills:
 + Level 3.6 Fighting
 - Level 3.0 Polearms
 - Level 1.7 Throwing
 + Level 3.5 Dodging


You had 3 spell levels left.
You didn't know any spells.

Dungeon Overview and Level Annotations

Branches:
Dungeon (3/15)

Altars:
Kikubaaqudgha
Xom
Yredelemnul

Annotations:
D:2 2 transporters, Menkaure


Innate Abilities, Weirdness & Mutations

You cannot wear boots.
Your serpentine skin is tough. (AC +1)
You have supernaturally acute eyesight. (SInv)
Armour fits poorly on your strangely shaped body.
Your system is resistant to poisons. (rPois)
You cover ground very slowly.
You have a slow metabolism.
You can spit poison.


Message History

Level annotation: 2 transporters, Menkaure
There is a stone staircase leading down, spattered with blood here.
You start resting.
HP restored.
You climb downwards.
The gnoll misses you. The gnoll hits you with a halberd!
The gnoll closely misses you.
There is a stone staircase leading up, spattered with blood here.
You hit the gnoll but do no damage. The gnoll hits you with a halberd. x2
You hit the gnoll.
The gnoll is moderately wounded.
The gnoll hits you with a halberd!
* * * LOW HITPOINT WARNING * * *
The gnoll closely misses you.
You are too injured to fight recklessly!
You puncture the gnoll!
The gnoll is severely wounded.
The gnoll hits you with a halberd.
* * * LOW HITPOINT WARNING * * *
The gnoll hits you with a halberd!
You die...

#...........
#..........
#......... .
#.......#
..##.......##
............#
#....))....#
#....(()...#
+....g@....+
#.....g....#
#.######+###
#


You could see 2 gnolls.

Vanquished Creatures
  An adder (D:2)
  2 gnolls (D:3)
  A worm (D:2)
  2 dart slugs
  A leopard gecko (D:1)
  An orc (D:3)
  6 bats
  2 giant cockroaches (D:2)
  6 goblins (D:1)
  4 hobgoblins (D:1)
  15 jackals (D:2)
  6 kobolds
  2 ball pythons
  3 frilled lizards
  5 rats
57 creatures vanquished.

Notes
Turn   | Place    | Note
-------+----------+-------------------------------------------
     0 | D:1      | KleinerIrrer the Naga Gladiator began the quest for the Orb.
     0 | D:1      | Reached XP level 1. HP: 19/19 MP: 1/1
   143 | D:1      | Reached XP level 2. HP: 24/27 MP: 2/2
   795 | D:1      | Reached XP level 3. HP: 33/33 MP: 3/3
  1138 | D:2      | Found a basalt altar of Yredelemnul.
  1139 | D:2      | Found a transporter.
  1140 | D:2      | Found a transporter.
  1163 | D:2      | Noticed Menkaure
  1188 | D:2      | Found an ancient bone altar of Kikubaaqudgha.
  1422 | D:2      | Reached XP level 4. HP: 13/42 MP: 4/4
  1707 | D:2      | Found a shimmering altar of Xom.
  2220 | D:3      | Slain by a gnoll

Vault maps used:
D:1:      dpeg_arrival_arbitrary_a, minmay_tiny_reverse_x
D:2:      gammafunk_temple_of_torment, lemuel_coloured_pillars_altar
D:3:      bloody_trog, overflow_temple_1_default,
          chequers_temple_overflow_minitemple

Skill      XL: |  1  2  3 |
---------------+----------+-----
Dodging        | 3 |  3.5
Fighting       | 3 |  3.6
Polearms       | |  3.0
Throwing       | |  1.7

Action                   |  1- 3 |  4- 6 || total
-------------------------+-------+-------++-------
Melee: Trident           |   154 |    79 ||   233
 Abil: Spit Poison       |     1 |       ||     1
 Stab: Sleeping          |     1 |     1 ||     2
  Eat: Chunk             |     1 |     2 ||     3
Armor: Leather armour    |    58 |    32 ||    90
Dodge: Dodged            |    94 |    59 ||   153

Table legend:
 A = Spawn XP
 B = Non-spawn XP
 C = Spawn XP percentage of total XP
 D = Spawn monster count
 E = Non-spawn monster count
 F = Spawn count percentage of total count
 G = Total turns spent on level
                    A         B        C        D         E        F      G
               +---------+---------+-------+---------+---------+-------+---------
         Total |       0 |     144 |   0.0 |       0 |      57 |   0.0 |  2220
               +---------+---------+-------+---------+---------+-------+---------
           D:1 |       0 |      45 |   0.0 |       0 |      26 |   0.0 |  1117
           D:2 |       0 |      67 |   0.0 |       0 |      27 |   0.0 |  1085
           D:3 |       0 |      32 |   0.0 |       0 |       4 |   0.0 |    18
               +---------+---------+-------+---------+---------+-------+---------
